 Dungeon Crawl Stone Soup version 0.24.0-125-gc4c63601f3 (webtiles) character file.

Game seed: 3371956670068512110, levelgen mode: deterministic

87 zedzed the Chopper (level 4, -18/40 HPs)
             Began as a Hill Orc Monk on Mar 3, 2020.
             Demolished by an ogre
             ... wielding a +0 giant club
              (22 damage)
             ... on level 2 of the Dungeon.
             The game lasted 00:07:10 (2089 turns).

zedzed the Chopper (Hill Orc Monk)                  Turns: 2089, Time: 00:07:11

Health: -18/40     AC:  4    Str: 13    XL:     4   Next: 51%
Magic:  4/4        EV: 12    Int: 11    God:
Gold:   12         SH:  0    Dex: 13    Spells: 3/3 levels left

rFire    . . .     SeeInvis .   a - +0 hand axe
rCold    . . .     Gourm    .   (no shield)
rNeg     . . .     Faith    .   d - +0 leather armour
rPois    .         Spirit   .   e - +0 helmet
rElec    .         Reflect  .   (no cloak)
rCorr    .         Harm     .   (no gloves)
MR       .....                  (no boots)
Stlth    ++........             (no amulet)
HPRegen  0.13/turn              (no ring)
MPRegen  0.09/turn              (no ring)

@: no status effects
A: no striking features
a: no special abilities


You were on level 2 of the Dungeon.
You were hungry.

You visited 1 branch of the dungeon, and saw 3 of its levels.

You collected 12 gold pieces.

Inventory:

Hand Weapons
 a - a +0 hand axe (weapon)
Armour
 d - a +0 leather armour (worn)
 e - a +0 helmet (worn)
Scrolls
 b - a scroll of amnesia {unknown}
 f - a scroll of random uselessness {unknown}
 i - 2 scrolls of fog {unknown}
 k - a scroll of enchant weapon {unknown}
Potions
 g - a potion of haste {unknown}
 l - a potion of curing {unknown}
Comestibles
 c - 4 rations


   Skills:
 + Level 4.1 Fighting
 * Level 6.1 Axes
 + Level 1.1 Armour
 - Level 2.4 Dodging
 - Level 1.5 Stealth


You had 3 spell levels left.
You didn't know any spells.
Your spell library was empty.

Dungeon Overview and Level Annotations

Branches:
Dungeon (3/15)

Altars:


Message History

The ogre hits you with a +0 giant club!
You barely miss the ogre.
The ogre is heavily wounded.
The ogre barely misses you.
You hit the ogre.
The ogre is heavily wounded.
You hit the ogre but do no damage.
The ogre is heavily wounded.
The ogre hits you with a +0 giant club!!
Ouch! That really hurt!
* * * LOW HITPOINT WARNING * * *
You see here 19 arrows.
You see here a leather armour.
There is a stone staircase leading up here.
The ogre misses you.
You climb upwards.
There is a stone staircase leading down here.
The ogre hits you with a +0 giant club!!
Ouch! That really hurt!
You die...

######.#.##.#.# #.#
###.##
#.#.##.#.######.####...##
#.#.....>..........#.####
#.####.#...####.##.#.#
#.####..........##.#.#
#............#..##.#.#
######.......#..##.#.#
#...O.###..##.#.####
#..@>.###...........
#..####............<
#..####.#........###
#.......#####.####
#.###########.#
#.............#
###############


You could see an ogre.

Vanquished Creatures
  4 adders
  3 worms (D:2)
  A leopard gecko (D:1)
  4 bats
  3 giant cockroaches
  5 goblins
  7 hobgoblins
  4 kobolds
  A quokka (D:3)
  3 frilled lizards
  8 rats
43 creatures vanquished.

Notes
Turn   | Place    | Note
-------+----------+-------------------------------------------
     0 | D:1      | zedzed the Hill Orc Monk began the quest for the Orb.
     0 | D:1      | Reached XP level 1. HP: 19/19 MP: 1/1
    58 | D:1      | Reached XP level 2. HP: 10/27 MP: 2/2
   645 | D:1      | Reached skill level 5 in Axes
   749 | D:1      | Reached XP level 3. HP: 28/33 MP: 3/3
  1571 | D:2      | Reached skill level 1 in Armour
  1571 | D:2      | Reached XP level 4. HP: 34/40 MP: 4/4
  1752 | D:2      | Reached skill level 6 in Axes
  2037 | D:3      | Noticed an ogre
  2076 | D:3      | HP: 2/40 [ogre/+0 giant club (21)]
  2089 | D:2      | Demolished by an ogre

Levels and vault maps discovered:
D:1:      minmay_arrival_split_and_join, layout_rooms
D:2:      wad_crossroads, layout_loops_ring, lemuel_crystal_altar
D:3:      layout_basic, nicolae_overflow_crystal_walls, first_ration

Skill      XL: |  1  2  3  4 |
---------------+-------------+-----
Fighting       | 4 |  4.1
Axes           | 5 6 |  6.1
Armour         | 1 |  1.1
Dodging        | |  2.4
Stealth        | |  1.5

Action                   |  1- 3 |  4- 6 || total
-------------------------+-------+-------++-------
Melee: Hand axe          |   112 |    38 ||   150
Throw: Throwing net      |     4 |     4 ||     8
 Stab: Sleeping          |     2 |     2 ||     4
  Eat: Chunk             |     2 |     1 ||     3
Armor: Robe              |     7 |       ||     7
       Leather armour    |    10 |     4 ||    14
Dodge: Dodged            |    55 |    16 ||    71
